 Dungeon Crawl Stone Soup version 0.19.5 (webtiles) character file.

12 Conto707 the Firebug (level 2, 0/22 HPs)
             Began as a Naga Fire Elementalist on Apr 1, 2017.
             Slain by a dart slug (3 damage)
             ... on level 1 of the Dungeon.
             The game lasted 00:06:26 (297 turns).

Conto707 the Firebug (Naga Fire Elementalist)        Turns: 297, Time: 00:06:27

Health: 0/22       AC:  1    Str: 10    XL:     2   Next: 33%
Magic:  0/5        EV: 10    Int: 15    God:
Gold:   21         SH:  0    Dex: 11    Spells: 2 memorised, 2 levels left

rFire  . . .     SeeInvis +     d - +0 dagger
rCold  . . .     Gourm    .     h - +0 robe (curse)
rNeg   . . .     Faith    .     (no shield)
rPois  +         Spirit   .     (no helmet)
rElec  .         Reflect  .     (no cloak)
rCorr  .         Harm     .     (no gloves)
MR     .....                    (no barding)
Stlth  ++........               (no amulet)
                                (no ring)
                                (no ring)

@: very slightly contaminated, very slow
A: see invisible, deformed body, poison resistance, slowness 2, slow metabolism
1, spit poison 1, AC +0
a: Spit Poison


You were on level 1 of the Dungeon.
You were not hungry.

You visited 1 branch of the dungeon, and saw 1 of its levels.

You collected 21 gold pieces.

Inventory:

Hand Weapons
 d - a +0 dagger (weapon)
 i - a +0 club
Missiles
 e - 20 arrows
Armour
 a - a +0 robe
 h - a cursed +0 robe (worn)
Books
 b - a book of Flames

   Spells                             Type                      Level
   a - Flame Tongue                   Conjuration/Fire             1
   b - Throw Flame                    Conjuration/Fire             2
   c - Conjure Flame                  Conjuration/Fire             3
   d - Inner Flame                    Hexes/Fire                   3
   e - Sticky Flame                   Conjuration/Fire             4
   f - Fireball                       Conjuration/Fire             5
Comestibles
 c - a bread ration
 f - a fruit
 g - 5 chunks of flesh


   Skills:
 + Level 1.7 Dodging
 + Level 3.0 Stealth
 * Level 2.2 Spellcasting
 + Level 1.0 Conjurations
 * Level 3.3 Fire Magic


You had 2 spell levels left.
You knew the following spells:

 Your Spells              Type           Power        Failure   Level  Hunger
a - Flame Tongue          Conj/Fire      #....        12%         1    #......
b - Throw Flame           Conj/Fire      #.....       14%         2    ###....


Dungeon Overview and Level Annotations

Branches:
Dungeon (1/15)

Altars:


Innate Abilities, Weirdness & Mutations

You cannot wear boots.
Your serpentine skin is tough. (AC +0)
You have supernaturally acute eyesight. (SInv)
Armour fits poorly on your strangely shaped body.
Your system is resistant to poisons. (rPois)
You cover ground very slowly.
You have a slow metabolism.
You can spit poison.


Message History

Press: ? - help, Shift-Dir - straight line, f/p - dart slug
Aim: a dart slug (moderately wounded, clinging)
The puff of flame hits the dart slug.
The dart slug is almost dead.
Casting: Throw Flame
Confirm with . or Enter, or press ? or * to list all spells.
You don't know that spell.
The dart slug launches a dart at you. The slug dart hits you!
* * * LOW HITPOINT WARNING * * *
You start resting.
Casting: Throw Flame
Confirm with . or Enter, or press ? or * to list all spells.
Aiming: Throw Flame
Press: ? - help, Shift-Dir - straight line, f/p - dart slug
Aim: a dart slug (almost dead, clinging)
You miscast Throw Flame.
You are very lightly contaminated with residual magic.
Nothing appears to happen.
The dart slug bites you.
You die...

#.#***#.# #.# #.#
**********
***#######.### #.#
*,,,,,,,,*
,,,..........# #.#
*,******,*
,**#######.#.# #.# *,*
*,* ** #.#.###.####.#
*,* #.#..........# *,*
#.#####.###### *,*
#......@# #########,**
##.###w####........,,*
* #.#
#..w...#******,,* *
#.###.###### *,,* *
#.....######### *,,***
* ###.##.....>..#
*,,,,, * #.##.######.#
**,*** *** #.##.# *,*
*,* ,,** #.##.# *,*
*,*


You could see a dart slug.

Vanquished Creatures
  3 dart slugs (D:1)
  A goblin (D:1)
  2 bats (D:1)
  A frilled lizard (D:1)
  A rat (D:1)
8 creatures vanquished.

Notes
Turn   | Place    | Note
-------+----------+-------------------------------------------
     0 | D:1      | Conto707 the Naga Fire Elementalist began the quest for the Orb.
     0 | D:1      | Reached XP level 1. HP: 15/15 MP: 3/3
   143 | D:1      | Reached XP level 2. HP: 22/22 MP: 0/5
   153 | D:1      | Learned a level 2 spell: Throw Flame
   214 | D:1      | HP: 1/22 [dart slug/slug dart (5)]
   297 | D:1      | Slain by a dart slug

Action                   || total
-------------------------++-------
Melee: Dagger            ||     1
 Cast: Flame Tongue      ||     8
       Throw Flame       ||     7
  Use: Potion            ||     1
       Scroll            ||     1
Armor: Robe              ||     3
Dodge: Dodged            ||    10
